 Dungeon Crawl Stone Soup version 0.15-a0-1683-gc5376b7 (webtiles) character file.

109 CryptoCactus the Slasher (level 4, 0/35 HPs)
             Began as a Mummy Berserker on June 24, 2014.
             Was a Priest of Trog.
             Killed from afar by an orc wizard (5 damage)
             ... with a magic dart
             ... on Level 3 of the Dungeon.
             The game lasted 00:04:23 (2712 turns).

CryptoCactus the Slasher (Mummy Berserker)          Turns: 2712, Time: 00:04:23

HP   0/35        AC  5     Str 24      XL: 4   Next: 59%
MP   4/4         EV 10     Int  6      God: Trog [***...]
Gold 71          SH  0     Dex 12      Spells:  0 memorised,  3 levels left

rFire  x . .     SeeInvis .     a - +0 falchion
rCold  + . .     Clarity  .     b - +0 ring mail
rNeg   + + +     rCorr    .     (no shield)
rPois  +         rRot     +     (no helmet)
rElec  .         Spirit   .     (no cloak)
SustAb .         Warding  .     (no gloves)
rMut   .         Stasis   .     (no boots)
Gourm  .                        (no amulet)
MR     .....                    (no ring)
                                h - +4 ring of strength

@: not resistant to hostile enchantments, very unstealthy
A: no food or potions, fire vulnerability, restore body, cold resistance 1, life
protection 3, poison resistance, torment resistance, unbreathing
a: Burn Spellbooks, Trog's Hand, Renounce Religion


You were on level 3 of the Dungeon.
You worshipped Trog.
Trog was most pleased with you.
You were not hungry.

You visited 1 branch of the dungeon, and saw 3 of its levels.

You collected 71 gold pieces.


Innate Abilities, Weirdness & Mutations

You do not eat or drink.
Your flesh is vulnerable to fire.
Your flesh is cold resistant.
You are immune to negative energy.
Your system is resistant to poisons.
You are immune to unholy pain and torment.
You can survive without breathing.


   Skills:
 - Level 3.0 Fighting
 + Level 3.6 Long Blades
 + Level 2.9 Armour
 - Level 1.5 Dodging


You had 3 spell levels left.
You didn't know any spells.

Inventory:

Hand weapons
 a - a +0 falchion (weapon)
Armour
 b - a +0 ring mail (worn)
Magical devices
 l - a wand of digging (9)
Scrolls
 d - a scroll of teleportation {unknown}
 e - a scroll of enchant armour
 f - 5 scrolls of remove curse
 g - a scroll of immolation {unknown}
 i - a scroll of enchant weapon {unknown}
 j - a scroll of blinking
 k - a scroll of recharging {unknown}
Jewellery
 h - a +4 ring of strength (left hand)

Dungeon Overview and Level Annotations

Branches:
Dungeon (3/15)

Altars:

▒▒▒ ▒·· ▒·▒ ▒·▒ ▒·▒ ▒▒
▒▒▒▒▒▒▒)▒▒▒▒▒▒▒▒▒▒▒▒▒▒▒▒▒·
········ooM>···············
▒▒·▒▒▒··▒▒▒▒▒▒▒▒▒▒▒▒▒▒▒▒▒▒
▒··▒ ▒▒▒·o▒ +··)·▒ ▒▒▒
▒+▒▒▒··▒ ··· ▒·▒ ▒··▒
?·▒▒·▒▒▒·▒▒▒·▒▒▒▒▒
·········o)······▒


You could see an orc wizard and an orc.


Message History

You miss the orc wizard.
The orc wizard is moderately wounded.
The orc wizard hits you but does no damage.
You miss the orc wizard.
The orc wizard is moderately wounded.
The orc wizard misses you.
You hit the orc wizard but do no damage.
The orc wizard is moderately wounded.
The orc wizard completely misses you.
You barely miss the orc wizard.
The orc wizard is moderately wounded.
The orc wizard hits you with a dagger.
You barely miss the orc wizard.
The orc wizard is moderately wounded.
The orc wizard casts a spell at you. The magic dart hits you!
You hit the orc wizard.
The orc wizard is severely wounded.
The orc wizard hits you but does no damage.
You hit the orc wizard.
The orc wizard is severely wounded.
The orc wizard gestures at you while chanting.
The puff of flame hits you! The fire burns you terribly!
* * * LOW HITPOINT WARNING * * *
You barely miss the orc wizard.
The orc wizard is severely wounded.
The orc wizard hits you but does no damage.
The orc wizard points at you and mumbles some strange words.
The magic dart hits you!
You die...

Action                   |  1- 3 |  4- 6 || total
-------------------------+-------+-------++-------
Melee: Falchion          |   137 |    55 ||   192
Evoke: Wand              |     1 |       ||     1
  Use: Scroll            |       |     3 ||     3

Vault maps used:
D:1:      dpeg_arrival_oval
D:2:      first_bread
D:3:      lemuel_doored_altar, hex_medium, led_sif_book

Notes
Turn   | Place    | Note
--------------------------------------------------------------
     0 | D:1      | CryptoCactus, the Mummy Berserker, began the quest for the Orb.
     0 | D:1      | Reached XP level 1. HP: 18/18 MP: 1/1
   330 | D:1      | Reached XP level 2. HP: 21/24 MP: 2/2
   692 | D:1      | Reached skill level 2 in Armour
   762 | D:1      | Acquired Trog's second power
   800 | D:1      | Reached skill level 3 in Long Blades
   933 | D:1      | Reached XP level 3. HP: 29/29 MP: 3/3
  2020 | D:2      | HP: 2/29 [worm (5)]
  2399 | D:2      | Reached XP level 4. HP: 35/35 MP: 4/4
  2712 | D:3      | Killed from afar by an orc wizard

Vanquished Creatures
  An orc wizard (D:3)
  A giant mite (D:1)
  3 worms (D:2)
  2 giant geckos
  2 orcs (D:3)
  11 goblins
  8 hobgoblins
  2 jackals (D:2)
  2 quokkas
  A ball python (D:1)
  7 bats
  4 giant newts
  4 kobolds
  3 rats
51 creatures vanquished.
